 Dungeon Crawl Stone Soup version 0.15-a0-2075-ga361405 (webtiles) character file.

396 N00bl0rd the Cudgeler (level 6, -12/67 HPs)
             Began as an Ogre Fighter on July 14, 2014.
             Mangled by a two-headed ogre
             ... wielding a +0 giant club
              (20 damage)
             ... on Level 4 of the Dungeon.
             The game lasted 00:04:42 (2749 turns).

N00bl0rd the Cudgeler (Ogre Fighter)                Turns: 2749, Time: 00:04:42

HP -12/67        AC  3     Str 24      XL: 6   Next: 82%
MP  15/15        EV  8     Int  7      God:
Gold 119         SH  9     Dex  9      Spells:  0 memorised,  5 levels left

rFire  . . .     SeeInvis .     q - +2 whip (venom)
rCold  . . .     Clarity  .     b - +0 robe
rNeg   . . .     rCorr    .     c - +0 shield
rPois  .         rRot     .     (helmet restricted)
rElec  .         Spirit   .     (no cloak)
SustAb .         Warding  .     (gloves unavailable)
rMut   .         Stasis   .     (boots unavailable)
Gourm  .                        (no amulet)
MR     .....                    (no ring)
                                k - ring of magical power

@: not resistant to hostile enchantments, very unstealthy
A: unfitting armour, tough skin 1
a: no special abilities


You were on level 4 of the Dungeon.
You were not hungry.

You visited 1 branch of the dungeon, and saw 4 of its levels.

You collected 119 gold pieces.

Inventory:

Hand weapons
 a - a +0 flail
 q - a +2 whip of venom (weapon)
Armour
 b - a +0 robe (worn)
 c - a +0 shield (worn)
Comestibles
 d - 2 meat rations
 m - a bread ration
Scrolls
 f - 2 scrolls of fear {unknown}
 j - 2 scrolls of teleportation {unknown}
 o - a scroll of recharging {unknown}
 r - a scroll of random uselessness {unknown}
Jewellery
 k - a ring of magical power (left hand)
Potions
 e - a potion of might
 h - 4 potions of curing {unknown}
 i - a potion of confusion {unknown}
 l - a potion of flight {unknown}
 t - a potion of restore abilities {unknown}


   Skills:
 + Level 6.0 Fighting
 * Level 6.9 Maces & Flails
 + Level 3.2 Dodging
 + Level 3.3 Shields


You had 5 spell levels left.
You didn't know any spells.

Dungeon Overview and Level Annotations

Branches:
Dungeon (4/15)
 Temple: D:4-7

Altars:
Kikubaaqudgha
Xom


Innate Abilities, Weirdness & Mutations

You are too large for most types of armour.
You have tough skin (AC +1).


Message History

You block the two-headed ogre's attack. x2
Unknown command.
You hit the wyvern.
The wyvern is poisoned.
The wyvern is lightly wounded.
The wyvern bites you but does no damage.
You closely miss the wyvern.
The wyvern is lightly wounded.
The wyvern bites you!
The two-headed ogre hits you with a giant club!!
* * * LOW HITPOINT WARNING * * *
You block the two-headed ogre's attack. The wyvern bites you.
* * * LOW HITPOINT WARNING * * *
Drink which item? (? for menu, Esc to quit)
Okay, then.
Read which item? (? for menu, Esc to quit)
As you read the scroll labeled PLURPH OFAA, it crumbles to dust.
You feel blessed for a moment.
It was a scroll of remove curse.
You block the wyvern's attack.
The two-headed ogre hits you with a giant club!!
You die...

#..<.g.Z.≈≈...≈
#.#######≈..§..
#.# §§§ #.# .
#Z# #g# #O# #O#
#@# #.D..$...#
#######..


You could see a two-headed ogre, a wyvern, an ogre, a goblin and a quokka
skeleton.

Vanquished Creatures
  Grinder (D:3)
  An orc wizard (D:3)
  A worker ant (D:4)
  Terence (D:2)
  4 adders
  2 giant mites (D:3)
  A shadow imp (D:3)
  2 worms (D:2)
  4 orcs
  5 bats
  A giant cockroach (D:1)
  4 hobgoblins
  3 jackals
  A quokka (D:3)
  A ball python (D:3)
  4 giant newts
  4 goblins
  9 kobolds
  2 rats (D:1)
51 creatures vanquished.

Vanquished Creatures (others)
  A hobgoblin (D:4)
1 creature vanquished.

Grand Total: 52 creatures vanquished

Notes
Turn   | Place    | Note
--------------------------------------------------------------
     0 | D:1      | N00bl0rd, the Ogre Fighter, began the quest for the Orb.
     0 | D:1      | Reached XP level 1. HP: 24/24 MP: 1/1
   629 | D:1      | Reached XP level 2. HP: 29/32 MP: 2/2
   956 | D:2      | Reached XP level 3. HP: 29/40 MP: 3/3
  1166 | D:2      | Found an ancient bone altar of Kikubaaqudgha.
  1438 | D:3      | Noticed Terence
  1644 | D:2      | Killed Terence
  1644 | D:2      | Reached XP level 4. HP: 23/49 MP: 4/4
  1858 | D:3      | Reached skill level 5 in Fighting
  1858 | D:3      | Reached skill level 5 in Maces & Flails
  1985 | D:3      | Reached XP level 5. HP: 44/57 MP: 5/5
  2237 | D:3      | Noticed Grinder
  2251 | D:3      | Paralysed by Grinder for 2 turns
  2258 | D:3      | Paralysed by Grinder for 6 turns
  2281 | D:3      | Killed Grinder
  2281 | D:3      | Reached skill level 6 in Fighting
  2281 | D:3      | Reached XP level 6. HP: 14/67 MP: 6/6
  2715 | D:4      | Noticed a two-headed ogre
  2717 | D:4      | Found a shimmering altar of Xom.
  2744 | D:4      | Noticed a wyvern
  2749 | D:4      | Mangled by a two-headed ogre

Action                   |  1- 3 |  4- 6 || total
-------------------------+-------+-------++-------
Melee: Flail             |    83 |    46 ||   129
       Whip              |       |    77 ||    77
  Use: Scroll            |       |     1 ||     1
  Eat: Chunk             |     1 |     5 ||     6
